 Dungeon Crawl Stone Soup version 0.17-a0-1798-g879a7aa (webtiles) character file.

5362 4thArraOfDagon the Grappler (level 10, -7/100 HPs)
             Began as a Troll Chaos Knight on Sept 10, 2015.
             Mangled by Snorg (17 damage)
             ... on level 11 of the Dungeon.
             The game lasted 00:16:58 (3357 turns).

4thArraOfDagon the Grappler (Troll Chaos Knight)    Turns: 3357, Time: 00:16:58

Health: -7/100     AC:  8    Str: 26    XL:     10   Next: 39%
Magic:  0/9        EV: 12    Int: 13    God:    Xom [*.....]
Gold:   435        SH:  0    Dex: 11    Spells: 0 memorised, 9 levels left

rFire  . . .     SeeInvis .       - Unarmed
rCold  . . .     Clarity  .     a - +2 robe
rNeg   . . .     SustAt   .     (no shield)
rPois  +         Gourm    +     (helmet restricted)
rElec  .         Spirit   +     i - +0 cloak
rCorr  .         Warding  .     (gloves unavailable)
rMut   .         Stasis   .     (boots unavailable)
MR     .....                    c - amulet of guardian spirit
Stlth  ++........               (no ring)
                                A - +4 ring of strength

@: not resistant to hostile enchantments, unstealthy
A: unfitting armour, claws 3, thin skeletal structure 1, breathe flames 1,
clever 1, fast metabolism 3, gourmand, poison resistance, regeneration 2, shaggy
fur 1, tough skin 2
a: Renounce Religion, Breathe Fire


You were on level 11 of the Dungeon.
You worshipped Xom.
You were a special plaything of Xom.
You were not hungry.

You visited 1 branch of the dungeon, and saw 11 of its levels.

You collected 435 gold pieces.

Inventory:

Hand weapons
 j - a +1 giant spiked club
 C - a +0 blowgun
 E - the cursed +1 war axe "Bix Ifybyuvo" {venom, Str+2 Int-3 Dex+4 Stlth+, unknown}
   (You found it on level 11 of the Dungeon)

   It poisons the flesh of those it strikes.
   It affects your strength (+2).
   It affects your intelligence (-3).
   It affects your dexterity (+4).
   It makes you more stealthy.
   It has a curse placed upon it.
Missiles
 g - 3 tomahawks of dispersal (quivered)
 D - 9 poisoned needles
 F - a curare-tipped needle
Armour
 a - a +2 robe (worn)
 i - a +0 cloak (worn)
Magical staves
 x - an uncursed staff of wizardry {unknown}
Jewellery
 c - an amulet of guardian spirit (around neck)
 A - a +4 ring of strength (left claw)
Magical devices
 m - a wand of fireball (3)
 p - a wand of disintegration (15)
 v - a wand of paralysis (12)
Scrolls
 e - 2 scrolls of blinking
 u - a scroll of teleportation
 w - a scroll of fog
 z - a scroll of enchant weapon
 B - a scroll of remove curse
Potions
 f - a potion of lignification
 h - a potion of brilliance
 n - 2 potions of resistance
 o - 2 potions of flight {unknown}
 q - a potion of poison
 r - a potion of heal wounds {unknown}
 s - a potion of cure mutation {unknown}
 t - a potion of magic {unknown}
Books
 y - a Fen Folio

   Spells                             Type                      Level
   a - Corpse Rot                     Necromancy                   2
   b - Stone Arrow                    Conjuration/Earth            3
   c - Leda's Liquefaction            Hexes/Earth                  4
   d - Summon Forest                  Summoning/Translocation      5
   e - Hydra Form                     Transmutation                6
   f - Summon Hydra                   Summoning                    7
Miscellaneous
 k - a plain deck of escape {drawn: 2}
Comestibles
 b - 4 bread rations
 d - a beef jerky
 l - 2 meat rations
 G - 3 royal jellies


   Skills:
 + Level 6.9 Fighting
 + Level 6.8 Dodging
 * Level 11.3 Unarmed Combat


You had 9 spell levels left.
You didn't know any spells.

Dungeon Overview and Level Annotations

Branches:
Dungeon (11/15)              Lair (0/8) D:11
 Temple: D:4-7          Orc: D:9-12

Altars:
Ashenzari
Fedhas
Gozag
Kikubaaqudgha
Makhleb
Nemelex Xobeh
Ru
Xom
Yredelemnul

Annotations:
D:11 Snorg, Sonja


Innate Abilities, Weirdness & Mutations

You are too large for most types of armour.
You have claws for hands.
Your metabolism is lightning-fast.
You like to eat raw meat.
You heal very quickly.
You are covered in fur (AC +1).
You have very tough skin (AC +2).
You have a somewhat thin skeletal structure (Dex +2, Stealth).
You can breathe flames.
Your mind is acute. (Int +2)
Your system is resistant to poisons.


Message History

Snorg bites you!! Snorg barely misses you. Snorg claws you but does no damage.
You claw Snorg!
Snorg is heavily wounded.
You mangle Snorg!!
Snorg is severely wounded.
Snorg bites you!!
* * * LOW HITPOINT WARNING * * *
Snorg claws you but does no damage. Snorg claws you.
* * * LOW HITPOINT WARNING * * *
You are too injured to fight recklessly!
You are too injured to fight recklessly!
You are too injured to fight recklessly!
You are too injured to fight recklessly!
You mangle Snorg!!
Snorg is almost dead.
Snorg bites you.
* * * LOW HITPOINT WARNING * * *
Snorg claws you!!
You die...
Xom snickers!

#.# ##+#### #...... #.# #......
#.# ##+#### #.# ## ..# ##'#####
..# #.# #......########.#####
##'# #.....)'..#.......... ###...
#......##.#....$...(. ###.'...
#......##.#..@T((((..##...#...
####......##............#..###...
...'......####............## #...
####......# #.........<### ####
#......# ##.######## # ########
#.. #### ###. #.). .. #.## .#
###+##


You could see Snorg (berserk).

Vanquished Creatures
  2 hill giants
  Pikel (D:5)
  An ugly thing (D:11)
  A centaur skeleton (D:11)
  3 trolls
  A wyvern (shapeshifter) (D:9)
  A hippogriff (D:8)
  2 orc warriors
  A slave (D:5)
  A necrophage (D:11)
  An eye of draining (D:10)
  3 ogres
  3 big kobolds
  3 centaurs
  Blork the orc (D:5)
  The ghost of hexophile the Charlatan, an average SpAr (D:6)
  6 giant frogs
  2 scorpions
  3 crimson imps
  6 orc wizards
  2 jellies (D:5)
  3 orc priests
  A quasit (D:9)
  3 worker ants
  2 hounds
  2 iguanas
  A killer bee zombie (D:11)
  A hound zombie (D:11)
  3 adders
  An adder zombie (D:7)
  3 oozes
  An adder skeleton (D:5)
  28 orcs
  A ball python (D:1)
  A bat (D:1)
  6 giant cockroaches
  2 goblins
  4 hobgoblins
  8 jackals
  13 kobolds
  A quokka (D:10)
  2 giant geckos
  3 quokka skeletons
  2 rats (D:1)
137 creatures vanquished.

Vanquished Creatures (others)
  A crimson imp (D:5)
  A shadow imp (D:5)
  7 fungi (D:6)
9 creatures vanquished.

Grand Total: 146 creatures vanquished

Notes
Turn   | Place    | Note
--------------------------------------------------------------
     0 | D:1      | 4thArraOfDagon the Troll Chaos Knight began the quest for the Orb.
     0 | D:1      | Reached XP level 1. HP: 22/22 MP: 0/0
    71 | D:1      | Reached XP level 2. HP: 25/29 MP: 1/1
   313 | D:2      | XOM: divination: detect creatures
   318 | D:3      | XOM: noise
   357 | D:4      | Noticed a big kobold
   362 | D:4      | Killed a big kobold
   362 | D:4      | Reached skill level 4 in Unarmed Combat
   362 | D:4      | Reached XP level 3. HP: 29/37 MP: 2/2
   362 | D:4      | Reached XP level 4. HP: 35/45 MP: 3/3
   476 | D:5      | Entered Level 5 of the Dungeon
   480 | D:5      | Found a basalt altar of Yredelemnul.
   505 | D:4      | XOM: smoke on damage
   508 | D:4      | Reached XP level 5. HP: 17/53 MP: 4/4
   531 | D:4      | Found a sacrificial altar of Ru.
   578 | D:5      | Noticed a slave
   578 | D:5      | Noticed a slave
   579 | D:5      | Noticed Pikel
   579 | D:5      | Noticed a slave
   580 | D:5      | Noticed a slave
   582 | D:5      | XOM: harmless Tloc miscast
   583 | D:5      | XOM: potion effect (curing)
   585 | D:5      | Killed a slave
   589 | D:5      | XOM: potion effect (invisibility)
   606 | D:5      | XOM: potion effect (agility)
   608 | D:5      | XOM: potion effect (berserk rage)
   616 | D:5      | Killed Pikel
   616 | D:5      | Reached skill level 6 in Unarmed Combat
   616 | D:5      | Reached XP level 6. HP: 21/62 MP: 5/5
   616 | D:5      | Reached XP level 7. HP: 23/70 MP: 6/6
   646 | D:4      | XOM: divination: magic mapping
   710 | D:5      | Found an ancient bone altar of Kikubaaqudgha.
   710 | D:5      | Found a blossoming altar of Fedhas.
   891 | D:6      | Noticed hexophile's ghost (average SpAr)
   891 | D:6      | Found a sparkling altar of Nemelex Xobeh.
   898 | D:6      | Killed hexophile's ghost
  1053 | D:6      | Reached skill level 7 in Unarmed Combat
  1112 | D:6      | Found a shattered altar of Ashenzari.
  1187 | D:6      | XOM: harmless Air miscast
  1207 | D:7      | XOM: cast spell 'Dispersal'
  1209 | D:7      | XOM: divination: detect creatures
  1212 | D:7      | Reached XP level 8. HP: 73/79 MP: 7/7
  1410 | D:7      | Noticed a troll
  1443 | D:7      | XOM: enchant monster (bad)
  1444 | D:7      | XOM: cast spell 'Ring of Flames'
  1449 | D:7      | Killed a troll
  1449 | D:7      | Reached skill level 5 in Fighting
  1449 | D:7      | Reached skill level 8 in Unarmed Combat
  1451 | D:7      | XOM: medium Fire miscast
  1464 | D:7      | XOM: smoke on damage
  1509 | D:7      | XOM: noise
  1514 | D:7      | Found an opulent altar of Gozag.
  1558 | D:7      | XOM: harmless Ice miscast
  1731 | D:5      | Noticed an ogre
  1735 | D:5      | Killed an ogre
  1743 | D:5      | Noticed Blork the orc
  1751 | D:5      | Killed Blork the orc
  1789 | D:5      | Reached skill level 5 in Dodging
  1815 | D:5      | XOM is BORED!
  1815 | D:5      | XOM: summons 4 hostile demons
  1816 | D:5      | Noticed a blue devil
  1816 | D:5      | Noticed a red devil
  2055 | D:8      | XOM: severe Divn miscast
  2056 | D:8      | XOM: noise
  2058 | D:7      | XOM: harmless Ice miscast
  2067 | D:7      | Reached XP level 9. HP: 46/88 MP: 4/8
  2091 | D:8      | Reached skill level 9 in Unarmed Combat
  2238 | D:9      | XOM: smoke on damage
  2262 | D:9      | XOM: polymorph orc warrior -> wyvern
  2348 | D:9      | Gained mutation: Your mind is acute. (Int +2) [mutagenic meat]
  2349 | D:9      | Gained mutation: You have a somewhat thin skeletal structure (Dex +2, Stealth). [mutagenic meat]
  2350 | D:9      | Gained mutation: You tend to lose your temper in combat. [mutagenic meat]
  2351 | D:9      | Gained mutation: Your system is resistant to poisons. [mutagenic meat]
  2392 | D:9      | Reached skill level 10 in Unarmed Combat
  2458 | D:9      | Found a burning altar of Makhleb.
  2458 | D:9      | Noticed a blizzard demon
  2491 | D:10     | Entered Level 10 of the Dungeon
  2536 | D:10     | XOM: give mutations
  2536 | D:10     | Gained mutation: You can breathe flames. [Xom's mischief]
  2536 | D:10     | Lost mutation: You tend to lose your temper in combat. [Xom's mischief]
  2553 | D:10     | XOM: 1-stop teleportation journey
  2565 | D:10     | Noticed a hill giant
  2566 | D:10     | XOM: harmless Summ miscast
  2570 | D:10     | XOM: confusion
  2581 | D:10     | XOM: harmless Trmt miscast
  2583 | D:10     | XOM: torment (10/89 hp)
  2583 | D:10     | HP: 1/89 [hill giant/giant spiked club (9)]
  2584 | D:10     | Killed a hill giant
  2614 | D:10     | Found a shimmering altar of Xom.
  2724 | D:10     | XOM: 1-stop teleportation journey
  2846 | D:10     | Reached XP level 10. HP: 88/100 MP: 9/9
  2883 | D:10     | XOM: give mutation
  2883 | D:10     | Lost mutation: Your system is resistant to poisons. [Xom's mischief]
  2946 | D:11     | Found a staircase to the Lair.
  2962 | D:11     | Noticed a cyan ugly thing
  2964 | D:11     | XOM: cast spell 'Call Canine Familiar'
  2967 | D:11     | XOM: enchant monster (bad)
  2975 | D:11     | Killed a cyan ugly thing
  2979 | D:11     | Gained mutation: Your system is resistant to poisons. [mutagenic meat]
  3041 | D:11     | XOM: confusion (+ monsters)
  3045 | D:11     | XOM: harmless Air miscast
  3054 | D:11     | Reached skill level 11 in Unarmed Combat
  3099 | D:11     | Noticed Sonja
  3104 | D:11     | XOM: 1-stop teleportation journey
  3130 | D:11     | XOM: 2-stop teleportation journey
  3131 | D:11     | Noticed a hill giant
  3136 | D:11     | Killed a hill giant
  3151 | D:11     | Noticed Snorg
  3179 | D:11     | Got a jewelled war axe
  3354 | D:11     | XOM: harmless Conj miscast
  3357 | D:11     | Mangled by Snorg

Vault maps used:
D:1:      ncdulo_lavacross, minmay_misc_feat_hallway,
          minmay_misc_feat_diagonals, kennysheep_nondescript
D:2:      tgw_xom, lemuel_coloured_pillars_altar, minmay_misc_feat_encased,
          uniq_robin
D:3:      grunt_temple_overflow_open, first_bread
D:4:      nicolae_ru_path_of_blood, kennysheep_boxes
D:5:      grunt_temple_overflow_growth_and_decay,
          nicolae_overflow_crystal_walls, minivault_19, uniq_pikel,
          uniq_blork_the_orc
D:6:      kennysheep_steamy, nemelex_deck, evilmike_ruin_ashenzari,
          serial_aquarium, aquarium_bridge_long_joined, aquarium_window_fake,
          aquarium_window_fake, aquarium_view_4, aquarium_view_2c
D:7:      nicolae_gozag_cash_rules_everything_around_me, uniq_duvessa
D:8:      wad_crossroads, hangedman_pestilent_swarm
D:9:      makhleb_altar_promises_db
D:10:     basic_altar, serial_glass, glass_columns_c, glass_columns_a,
          glass_columns_a, glass_columns_b, glass_columns_b, glass_columns_a,
          glass_columns_a, glass_columns_a, glass_columns_a, glass_columns_a,
          glass_columns_a, glass_columns_b, glass_columns_a, glass_columns_a
D:11:     lair_0_dummy, uniq_sonja, uniq_snorg

Action                   |  1- 3 |  4- 6 |  7- 9 | 10-12 || total
-------------------------+-------+-------+-------+-------++-------
Melee: Unarmed           |    46 |    54 |   322 |    76 ||   498
 Fire: Blowgun           |       |       |       |    11 ||    11
Throw: Tomahawk          |       |       |     1 |       ||     1
Evoke: Deck              |       |       |     2 |       ||     2
  Use: Scroll            |       |       |    15 |     1 ||    16
       Potion            |       |       |     1 |       ||     1
 Stab: Sleeping          |     1 |       |     3 |     2 ||     6
       Invisible         |       |     2 |       |       ||     2
  Eat: Chunk             |     9 |       |    23 |     3 ||    35
